Map: Romanticide LE

Players

HeroMarine - Winner!

  • Race: Terran Terran
  • League: Grandmaster

Reynor

  • Race: Zerg Zerg
  • League: Master

Event: ASUS ROG Fall 2021

VOD

Have the link to the VOD?

Description

Time

  • Played on: Sept. 19, 2021, 10:28 a.m.
  • Length: 21:57

All games in this series

Show
View Real Time Build Order
Export as new Build Order

HeroMarine Terran - Winner!

Build Orders: Reaper Expand 

Get SALT Encoding   

  12  0:00  SCV  
  13  0:12  SCV  
  14  0:17  Supply Depot  
  14  0:24  SCV  
  15  0:38  SCV  
  15  0:41  Barracks  
  16  0:43  Refinery  
  16  0:50  SCV  
  17  1:02  SCV  
  18  1:14  SCV  
  19  1:28  Reaper, Orbital Command  
  20  1:38  Command Center  
  20  1:46  Supply Depot  
  20  1:53  SCV  
  21  2:00  Marine  
  22  2:06  SCV  
  23  2:09  Factory  
  23  2:18  SCV  
  23  2:21  Barracks Reactor  
  24  2:30  SCV  
  25  2:41  Command Center  
  25  2:42  SCV  
  26  2:50  Orbital Command  
  26  2:54  SCV  
  27  3:03  Hellion x2  
  27  3:04  Barracks Tech Lab  
  31  3:06  SCV  
  31  3:12  Barracks  
  32  3:15  SCV  
  32  3:18  SCV  
  34  3:22  Refinery, Marine  
  34  3:23  Stimpack  
  35  3:28  Hellion  
  35  3:31  Hellion  
  35  3:32  SCV  
  41  3:34  SCV  
  41  3:40  Marine  
  42  3:44  SCV  
  42  3:46  SCV  
  44  3:55  Orbital Command  
  44  3:56  SCV  
  44  3:58  SCV  
  44  4:00  Marine  
  44  4:01  Starport  
  47  4:04  Factory Reactor  
  47  4:07  Marine x2  
  47  4:08  SCV  
  50  4:10  SCV  
  50  4:12  Supply Depot  
  51  4:18  Marine  
  51  4:20  SCV  
  51  4:22  SCV  
  51  4:23  SCV  
  55  4:25  Marine x2  
  55  4:29  Refinery  
  57  4:32  SCV  
  57  4:34  SCV  
  57  4:35  Supply Depot  
  57  4:36  Marine, SCV  
  61  4:42  Marine  
  61  4:43  Marine, Barracks  
  61  4:44  SCV  
  64  4:46  SCV  
  64  4:47  Medivac, Factory Reactor  
  64  4:48  SCV  
  68  4:55  Supply Depot  
  68  4:56  Medivac  
  68  4:57  Orbital Command  
  68  4:59  SCV x2, Engineering Bay  
  72  5:01  Engineering Bay  
  72  5:03  Refinery  
  72  5:06  Marine x2  
  74  5:10  Marine  
  74  5:11  SCV x2  
  77  5:19  Supply Depot x2  
  77  5:22  Combat Shield  
  77  5:23  SCV x2  
  77  5:24  Marine x2  
  77  5:25  Terran Infantry Weapons Level 1  
  77  5:27  Terran Infantry Armor Level 1  
  81  5:28  Marine  
  81  5:29  SCV  
  81  5:35  SCV x2, Factory Reactor  
  85  5:38  Supply Depot  
  85  5:40  Supply Depot  
  85  5:41  SCV  
  85  5:42  Marine x2  
  88  5:43  Marine  
  88  5:47  Marine, SCV x2  
  88  5:49  Marine  
  91  5:53  SCV  
  93  5:59  Marine, SCV x2  
  93  6:00  Medivac x2  
  93  6:01  Marine x2  
  102  6:05  Marine  
  102  6:07  Marine, SCV  
  105  6:11  Supply Depot, SCV x2  
  105  6:17  Marine  
  107  6:19  Marine x2, SCV  
  107  6:20  Widow Mine x2  
  107  6:23  Marine  
  107  6:25  Marine  
  116  6:32  Medivac  
  116  6:34  Barracks x2  
  116  6:35  Marine  
  116  6:37  Marine x2  
  121  6:41  Supply Depot, Widow Mine x2  
  121  6:42  Supply Depot  
  125  6:48  Supply Depot  
  125  6:49  Armory  
  125  6:50  Factory  
  125  6:52  Marine x2  
  125  6:53  Marine  
  128  6:54  Marine  
  128  6:55  Marine  
  128  7:00  SCV  
  128  7:01  SCV x2  
  133  7:03  Widow Mine x2  
  137  7:10  Marine x2  
  137  7:11  Marine  
  140  7:16  Marine x2  
  140  7:17  Liberator x2  
  140  7:20  Refinery, Supply Depot  
  140  7:21  Barracks Reactor  
  140  7:22  Barracks Reactor  
  148  7:29  Command Center  
  143  7:39  Widow Mine x2  
  143  7:42  Marine x3  
  146  7:48  Terran Infantry Armor Level 2  
  139  7:51  Factory Tech Lab  
  139  7:52  Marine x2  
  139  7:58  Marine  
  141  8:00  Marine x3, Widow Mine, Medivac x2, Barracks  
  141  8:01  Widow Mine  
  141  8:02  Marine x2, Barracks  
  155  8:08  Marine  
  155  8:09  Marine  
  155  8:10  Marine  
  158  8:15  Drilling Claws  
  158  8:16  Marine, Widow Mine  
  158  8:17  Terran Infantry Weapons Level 2  
  158  8:18  Marine x3  
  164  8:20  Marine  
  164  8:24  Marine  
  164  8:26  Widow Mine  
  155  8:27  Marine  
  155  8:28  Marine x2  
  155  8:32  Medivac  
  155  8:34  Marine, Supply Depot, Medivac  
  161  8:36  Marine x3  
  161  8:37  Marine  
  167  8:41  Marine  
  167  8:44  Widow Mine x2  
  167  8:45  Marine x2  
  172  8:50  Widow Mine  
  172  8:51  Marine  
  172  8:53  Marine  
  171  8:58  Marine  
  171  8:59  Marine x3  
  171  9:00  Marine  
  171  9:02  Barracks Tech Lab  
  167  9:03  Marine, Barracks Tech Lab  
  167  9:04  Barracks  
  167  9:05  Widow Mine x2  
  167  9:06  Marine  
  167  9:09  Marine  
  170  9:11  Marine, Widow Mine  
  170  9:15  Marine  
  174  9:22  SCV x2  
  174  9:23  SCV  
  177  9:27  Marine x3, Widow Mine x2, Medivac  
  177  9:28  Marine x2  
  177  9:31  Marine x2  
  182  9:32  Marine  
  182  9:33  Marine  
  182  9:37  Liberator  
  188  9:39  Marauder x2  
  188  9:45  Marine x3  
  189  9:49  Planetary Fortress  
  189  9:51  SCV x3  
  193  9:53  Barracks Tech Lab  
  193  9:54  Marine  
  193  9:55  Marauder  
  193  9:58  Liberator  
  188  10:00  Marine, Marauder  
  188  10:02  Marine  
  188  10:04  Widow Mine x2  
  196  10:07  Marine x2  
  196  10:15  Marauder  
  196  10:17  Marine  
  196  10:20  Medivac  
  196  10:21  Widow Mine  
  168  10:22  Marine x4  
  168  10:26  Marine, Widow Mine x2, Marauder  
  168  10:28  Marine, Marauder  
  180  10:30  Marine x2  
  180  10:35  Marine x2  
  177  10:44  Supply Depot  
  177  10:45  Supply Depot  
  177  10:46  Marine  
  177  10:47  Widow Mine  
  180  10:52  Marine, SCV x2, Medivac, Widow Mine  
  180  10:53  Terran Infantry Weapons Level 3  
  187  11:03  Marine  
  188  11:05  Marine x2  
  188  11:06  Marine, Medivac  
  188  11:09  Marauder  
  188  11:10  Marine x2, Refinery, Ghost Academy  
  195  11:16  Marine x2, Marauder  
  192  11:18  Marauder  
  192  11:19  Marine  
  192  11:21  Marine  
  192  11:22  Medivac  
  192  11:24  Terran Infantry Armor Level 3  
  177  11:26  Marine  
  177  11:27  Marine x2  
  177  11:28  Widow Mine x2  
  177  11:30  Widow Mine  
  181  11:34  Marine x2  
  181  11:36  Medivac  
  183  11:40  Marauder, Command Center  
  183  11:41  Marine x2  
  183  11:45  Marauder  
  183  11:46  Marine  
  190  11:49  Widow Mine x2  
  190  11:51  Marine x2  
  188  11:55  Medivac, Factory Tech Lab  
  188  11:57  Marine x2  
  192  12:05  Medivac  
  184  12:13  Marine, Marauder x2  
  184  12:14  Marine x2  
  184  12:15  Marine  
  184  12:16  Marine x2  
  184  12:19  Widow Mine x2, Ghost x2  
  195  12:26  Marine x2  
  194  12:31  Marine  
  194  12:32  Marine x2  
  194  12:33  Marine x2  
  194  12:34  Marine  
  200  12:43  Marine, Marauder  
  192  12:44  Marine x2, Siege Tank  
  192  12:49  Marauder, Ghost  
  196  12:52  Marine x2  
  196  12:56  Liberator  
  196  13:01  Ghost  
  196  13:04  Ghost  
  197  13:09  Ghost  
  197  13:12  Marine  
  200  13:17  Marine x2  
  200  13:20  Refinery x2, Command Center  
  200  13:22  Sensor Tower  
  200  13:24  Missile Turret  
  200  13:26  Missile Turret  
  196  13:38  Ghost  
  196  13:40  Ghost  
  200  13:45  Planetary Fortress  
  200  13:54  Ghost x2  
  195  14:00  Marine x4  
  195  14:01  Marine  
  195  14:02  SCV x2  
  194  14:04  SCV x2  
  194  14:06  Ghost  
  198  14:10  Marauder  
  197  14:18  Marine x2  
  177  14:35  Ghost x3  
  177  14:36  Widow Mine  
  177  14:37  Widow Mine x2  
  177  14:38  Orbital Command  
  187  14:39  Ghost  
  187  14:41  Marine x2, Command Center  
  187  14:43  Marine x3  
  194  14:45  Medivac  
  194  14:46  Medivac  
  198  14:54  Marine  
  198  14:58  Siege Tank  
  197  15:03  Ghost  
  197  15:07  Ghost  
  197  15:11  Marine  
  196  15:16  Ghost x2  
  196  15:19  Command Center  
  200  15:25  Widow Mine  
  196  15:28  Refinery  
  196  15:31  Liberator  
  197  15:44  Refinery, Factory  
  195  15:51  Ghost x2  
  195  15:54  Marine, Marauder  
  195  15:56  Orbital Command  
  200  15:59  Marine x2  
  200  16:07  Personal Cloaking  
  200  16:08  Terran Vehicle And Ship Armor Level 1  
  194  16:21  Ghost x2  
  194  16:23  Command Center  
  198  16:25  Command Center  
  198  16:29  Medivac  
  200  16:35  Neosteel Armor, Hi-Sec Auto Tracking  
  200  16:38  Command Center  
  200  16:55  Missile Turret  
  196  17:03  Liberator  
  199  17:15  Ghost  
  197  17:19  Ghost x2  
  197  17:21  Marine x3  
  197  17:22  Ghost  
  196  17:35  Marine x2, Factory Tech Lab  
  182  17:38  Liberator  
  182  17:43  Ghost  
  185  17:45  Marine x2  
  185  17:46  Liberator  
  185  17:47  Marine x2, Ghost  
  185  17:48  Ghost  
  185  17:50  Marine x2  
  196  17:55  Marine x2  
  196  17:56  Marine  
  198  17:59  Orbital Command x2  
  198  18:00  Planetary Fortress  
  198  18:03  Marine x2, Missile Turret  
  198  18:12  Ghost  
  190  18:15  Marine  
  190  18:16  Marine  
  186  18:21  Marine x2, Liberator  
  184  18:27  Ghost  
  184  18:28  Ghost  
  184  18:29  Marine x2, Marauder, Liberator  
  167  18:37  Marine x2  
  167  18:38  Marine  
  167  18:41  Ghost  
  165  18:43  Marine x2  
  165  18:44  Marine  
  165  18:47  Marine x2  
  169  18:49  Marine  
  169  18:54  Orbital Command  
  169  18:55  Marine x2  
  172  18:56  Orbital Command  
  172  18:57  Ghost  
  172  19:00  Marine x2  
  172  19:01  Marine  
  171  19:04  Marine, Liberator  
  171  19:05  Marine x3  
  171  19:07  Orbital Command  
  178  19:11  Liberator  
  178  19:12  Refinery, Missile Turret  
  178  19:13  Refinery, Sensor Tower  
  178  19:14  Missile Turret  
  181  19:29  Missile Turret  
  181  19:30  Sensor Tower  
  180  19:32  Ghost, Missile Turret  
  181  19:44  Marine x2  
  183  19:46  Widow Mine  
  183  19:47  Viking  
  183  19:48  Widow Mine  
  183  19:52  Widow Mine  
  172  20:07  SCV x4  
  172  20:08  Medivac  
  178  20:17  Medivac  
  178  20:19  Ghost x2  
  184  20:29  Ghost  
  179  20:38  Marine x2, Ghost  
  164  20:44  Marine x2  
  164  20:45  Marine  
  145  20:50  Liberator  
  145  20:51  Marine  
  145  20:52  Marine  
  145  20:53  Marine x2  
  145  20:54  Marauder  
  154  21:02  Marine x2  
  157  21:06  Marine x2  
  157  21:07  Marine, Marauder  
  157  21:09  Marine  
  155  21:11  Marauder  
  155  21:16  Marine x2  
  155  21:17  Ghost  
  148  21:19  Marine  
  148  21:20  Marine  
  148  21:24  Marine x2  
  152  21:27  Marine x2  
  152  21:28  Ghost  
  152  21:32  Marine  
  157  21:34  Marine  
  158  21:37  Marine x2  
Show
View Real Time Build Order
Export as new Build Order

Reynor Zerg 

Build Orders: Hatch First, Lurkers 

Get SALT Encoding   

  12  0:00  Drone  
  13  0:12  Overlord  
  13  0:16  Drone  
  14  0:30  Drone x2  
  16  0:48  Hatchery  
  15  0:50  Drone  
  15  0:53  Drone  
  18  0:57  Drone  
  18  1:07  Extractor  
  17  1:12  Spawning Pool  
  17  1:15  Drone  
  17  1:19  Drone  
  18  1:27  Drone  
  19  1:38  Drone  
  20  1:48  Overlord  
  20  1:59  Queen  
  20  2:00  Queen, Zergling x4  
  26  2:11  Drone x2  
  28  2:21  Drone  
  28  2:22  Drone  
  30  2:29  Hatchery  
  29  2:37  Drone  
  29  2:38  Drone  
  29  2:41  Queen  
  33  2:45  Metabolic Boost  
  33  2:50  Overlord  
  33  2:53  Drone  
  33  2:54  Drone  
  33  2:57  Drone  
  36  3:10  Drone x5  
  41  3:15  Overlord  
  41  3:18  Queen  
  43  3:21  Drone  
  44  3:33  Overlord  
  44  3:34  Drone  
  44  3:35  Queen  
  44  3:37  Drone  
  44  3:39  Drone  
  49  3:41  Queen  
  49  3:43  Zergling x4  
  49  3:46  Drone x2  
  55  3:49  Overlord  
  55  3:51  Drone  
  56  3:58  Drone x4  
  56  4:02  Queen  
  61  4:08  Overlord  
  61  4:10  Drone x2  
  61  4:12  Drone  
  61  4:14  Drone  
  65  4:17  Zergling x2  
  65  4:23  Drone  
  67  4:24  Lair  
  67  4:25  Baneling Nest  
  67  4:26  Extractor  
  67  4:27  Drone x3  
  67  4:28  Drone  
  69  4:32  Zergling x6  
  69  4:36  Drone x3  
  69  4:37  Drone  
  76  4:40  Overlord  
  76  4:42  Drone  
  77  4:50  Drone x2  
  77  4:52  Drone  
  80  4:56  Overlord  
  80  4:57  Hatchery  
  79  5:03  Drone x2  
  79  5:06  Zergling x12  
  87  5:07  Evolution Chamber x2  
  87  5:08  Zergling x2  
  87  5:11  Queen  
  87  5:14  Zergling x2  
  89  5:15  Zergling x2  
  89  5:16  Zergling x4  
  89  5:18  Zergling x2  
  93  5:25  Centrifical Hooks  
  93  5:27  Baneling x3  
  93  5:28  Baneling, Drone  
  94  5:32  Zergling x6  
  94  5:34  Spore Crawler, Overlord  
  96  5:37  Drone  
  97  5:43  Extractor  
  97  5:44  Extractor, Drone  
  97  5:45  Drone  
  97  5:46  Overlord  
  97  5:51  Zerg Ground Armor Level 1  
  97  5:52  Drone x2  
  97  5:55  Drone x6  
  105  5:58  Overlord  
  105  6:02  Drone  
  105  6:05  Zergling x2  
  105  6:06  Zergling x4  
  105  6:07  Zerg Melee Weapons Level 1  
  105  6:10  Queen  
  109  6:11  Zergling x2  
  109  6:15  Zergling x6  
  109  6:16  Zergling x4  
  112  6:22  Overlord  
  112  6:23  Drone x3  
  115  6:26  Extractor  
  115  6:27  Zergling x4  
  115  6:32  Zergling x2, Baneling x8  
  117  6:36  Zergling x2  
  117  6:38  Drone x3  
  117  6:39  Drone  
  124  6:41  Overlord  
  124  6:46  Drone  
  125  6:47  Spore Crawler x2  
  125  6:52  Drone x4  
  125  6:53  Drone x4, Overlord  
  129  6:54  Drone x2  
  129  6:55  Drone  
  129  6:59  Baneling x8  
  129  7:01  Overlord  
  132  7:02  Zergling x2  
  132  7:06  Zergling x2  
  132  7:07  Zergling x2  
  135  7:10  Overlord  
  135  7:14  Zergling x6  
  138  7:16  Drone x2  
  138  7:17  Drone  
  138  7:20  Zergling x6  
  138  7:22  Zergling x2  
  145  7:23  Burrow  
  145  7:24  Baneling x8  
  145  7:26  Zergling x2  
  145  7:27  Zergling x10  
  145  7:28  Zergling x6  
  154  7:36  Zergling x4  
  148  7:39  Zergling x4  
  147  7:45  Zergling x2  
  147  7:46  Zergling x6  
  147  7:49  Zerg Ground Armor Level 2  
  146  7:55  Drone x3  
  146  7:56  Spore Crawler x2  
  146  7:57  Drone  
  146  7:58  Extractor, Zergling x2, Infestation Pit  
  147  8:01  Zergling x4  
  147  8:04  Baneling x10  
  149  8:07  Zergling x2  
  149  8:08  Pneumatized Carapace  
  149  8:11  Overlord  
  149  8:12  Extractor x2, Drone x3  
  151  8:13  Drone  
  151  8:18  Zergling x2  
  153  8:20  Zerg Melee Weapons Level 2  
  153  8:26  Zergling x12  
  145  8:29  Zergling x2  
  145  8:30  Overseer  
  146  8:34  Zergling x10  
  146  8:38  Drone, Hive  
  146  8:39  Hydralisk Den  
  146  8:40  Zergling x4  
  146  8:41  Zergling x2  
  154  8:42  Overseer  
  154  8:44  Zergling x4  
  154  8:47  Zergling x2  
  156  8:50  Hatchery, Overlord  
  156  8:51  Zergling x4  
  156  8:52  Zergling x2  
  152  8:56  Zergling x8  
  152  9:00  Zergling x2  
  154  9:04  Zergling x6  
  154  9:05  Zergling x2  
  154  9:08  Zergling x10  
  160  9:20  Overlord  
  156  9:27  Zergling x18  
  156  9:29  Overseer  
  156  9:30  Zergling x2  
  158  9:36  Hatchery  
  155  9:38  Hydralisk x3  
  155  9:39  Hydralisk x3  
  155  9:41  Overseer  
  163  9:45  Lurker Den  
  163  9:47  Zergling x10  
  163  9:49  Baneling x9  
  163  9:50  Zergling x2  
  168  9:55  Overlord  
  167  10:07  Zergling x4  
  167  10:10  Overlord  
  167  10:12  Baneling x7  
  160  10:18  Zergling x36  
  161  10:26  Zergling x6  
  162  10:30  Zergling x8  
  162  10:33  Zergling x4  
  162  10:37  Overlord  
  162  10:41  Hydralisk x2  
  156  10:43  Zerg Ground Armor Level 3, Zerg Melee Weapons Level 3  
  156  10:45  Zergling x4  
  156  10:47  Muscular Augments  
  158  10:50  Drone x2  
  158  10:52  Lurker x5  
  163  10:57  Viper  
  163  10:59  Zergling x12, Spore Crawler  
  163  11:03  Baneling  
  163  11:04  Baneling x9, Hydralisk  
  171  11:05  Zergling x2  
  171  11:07  Overseer  
  171  11:08  Overlord  
  173  11:12  Baneling  
  173  11:13  Baneling x7  
  161  11:19  Zergling x22  
  161  11:24  Hydralisk x3  
  161  11:25  Zergling x4  
  161  11:26  Zergling x6  
  161  11:31  Viper x2  
  166  11:33  Zergling x4  
  167  11:41  Viper  
  167  11:43  Zergling x4  
  171  11:51  Hydralisk x5  
  171  11:52  Zergling x4  
  149  11:54  Hydralisk  
  149  11:55  Zergling x4  
  149  12:02  Hydralisk  
  149  12:03  Zergling x8  
  149  12:06  Zergling x6  
  145  12:11  Queen  
  145  12:13  Zergling x2, Hydralisk  
  145  12:15  Drone  
  148  12:16  Spore Crawler  
  148  12:19  Drone x4  
  148  12:20  Drone  
  147  12:24  Drone  
  147  12:25  Zergling x2  
  147  12:26  Lurker  
  147  12:27  Lurker x3  
  147  12:28  Seismic Spines  
  153  12:35  Zergling x12  
  152  12:50  Drone x3  
  154  12:53  Lurker x4  
  154  12:55  Zergling x12  
  159  13:02  Overseer, Overlord  
  144  13:09  Lurker  
  144  13:10  Lurker, Hydralisk x3  
  152  13:14  Hatchery  
  152  13:17  Spore Crawler  
  150  13:24  Hydralisk x2  
  154  13:28  Hatchery  
  153  13:41  Hydralisk x4  
  153  13:48  Zergling x14  
  168  13:52  Overlord  
  160  14:05  Zergling x16  
  160  14:06  Overlord  
  165  14:11  Overlord  
  165  14:23  Overlord  
  165  14:24  Zergling x6  
  168  14:30  Zergling x14  
  168  14:31  Zergling x14  
  176  14:34  Zergling x4  
  176  14:38  Grooved Spines  
  176  14:41  Zergling x2  
  176  14:45  Zergling x6  
  180  14:46  Nydus Network  
  179  14:55  Drone x4  
  179  14:56  Spore Crawler, Lurker  
  179  14:57  Lurker x2  
  179  14:58  Zergling x2, Adaptive Talons  
  179  14:59  Zergling x2, Zerg Missile Weapons Level 1  
  178  15:09  Hatchery  
  178  15:14  Viper x2  
  167  15:15  Zergling x14  
  167  15:16  Zergling x6  
  167  15:18  Overseer  
  167  15:19  Overlord  
  182  15:37  Hatchery  
  182  15:38  Overseer  
  168  15:43  Hydralisk x3  
  168  15:44  Zergling x14  
  168  15:49  Zergling x10  
  174  16:00  Hydralisk  
  174  16:01  Hydralisk  
  178  16:08  Lurker x3  
  178  16:09  Lurker  
  182  16:15  Zergling x10  
  163  16:25  Lurker x3  
  166  16:26  Lurker  
  166  16:32  Lurker x2  
  169  16:34  Nydus Canal  
  169  16:35  Hydralisk  
  171  16:43  Hydralisk  
  170  16:58  Hydralisk x4  
  176  17:02  Nydus Canal  
  176  17:15  Hydralisk x4  
  178  17:23  Nydus Canal  
  178  17:30  Hydralisk x5  
  178  17:34  Zergling x10  
  178  17:35  Zergling x4  
  189  17:38  Lurker x2  
  189  17:39  Zergling x2, Lurker  
  187  17:47  Nydus Canal  
  187  17:49  Zergling x8  
  187  17:50  Lurker x2  
  187  17:55  Zergling x4  
  187  17:57  Lurker x2  
  185  17:59  Overseer  
  185  18:01  Zergling x4  
  185  18:03  Zergling x4  
  186  18:11  Zergling x4  
  186  18:12  Nydus Canal  
  181  18:15  Hydralisk x2  
  174  18:24  Hydralisk  
  174  18:25  Zergling x2, Hydralisk  
  174  18:26  Zergling x2  
  167  18:32  Zergling x4  
  168  18:36  Zergling x4  
  164  18:47  Zergling x8  
  140  19:13  Nydus Canal  
  140  19:16  Lurker x3, Hydralisk x2  
  140  19:17  Lurker x2  
  147  19:27  Overseer  
  147  19:31  Hydralisk x2  
  147  19:32  Zergling x12  
  155  19:57  Zergling x18  
  155  19:59  Hatchery  
  148  20:04  Nydus Canal  
  148  20:06  Zergling x6  
  132  20:11  Zergling x6  
  135  20:17  Zergling x2  
  128  20:21  Zergling x6  
  128  20:22  Nydus Canal  
  125  20:28  Zergling x6  
  125  20:33  Zergling x8  
  111  20:47  Lurker  
  111  20:48  Lurker x2  
  92  21:25  Nydus Canal  
Tags
 
Add a new tag
Caveats
  • Supply blocks, unpowered buildings, or Contaminate may cause inaccurate times.
  • Supply counts are checked every 10 seconds.